 Dungeon Crawl Stone Soup version 0.31-a0-188-g5e087ee2ca (webtiles) character file.

Game seed: 8986519017641789115

427 qw the Skirmisher (level 6, 0/35 HPs)
             Began as a Deep Elf Hunter on June 22, 2023.
             Slain by Grinder (3 damage)
             ... on level 4 of the Dungeon.
             The game lasted 00:00:54 (2866 turns).

qw the Skirmisher (Deep Elf Hunter)                 Turns: 2866, Time: 00:00:54

Health: 0/35       AC:  6    Str: 10    XL:     6   Next: 65%
Magic:  8/8        EV: 11    Int: 14    God:
Gold:   127        SH:  0    Dex: 18    Spells: 5/5 levels left

rFire   . . .        j - +4 shortbow (heavy)
rCold   . . .        (shield currently unavailable)
rNeg    . . .        b - +0 ring mail
rPois   .            (no helmet)
rElec   .            (no cloak)
rCorr   .            c - +0 pair of gloves
SInv    .            (no boots)
Will    .....        i - amulet of regeneration
Stlth   +            (no ring)
HPRegen 1.05/turn    (no ring)
MPRegen 0.11/turn

%: no passive effects
@: no status effects
A: no striking features
a: no special abilities


You were on level 4 of the Dungeon.
You visited 2 branches of the dungeon, and saw 5 of its levels.

You collected 127 gold pieces.


   Skills:
 - Level 2.2 Fighting
 - Level 10.0 Ranged Weapons
 + Level 0.3 Armour
 - Level 3.1 Dodging
 - Level 1.2 Stealth


You had 5 spell levels left.
You didn't know any spells.
Your spell library was empty.

Inventory:

Hand Weapons
 j - a +4 heavy shortbow (weapon)
Armour
 b - a +0 ring mail (worn)
 c - a +0 pair of gloves (worn)
Jewellery
 i - an amulet of regeneration (around neck)
Scrolls
 h - a scroll of identify
Potions
 a - a potion of brilliance {unknown}
 d - a potion of might {unknown}
 e - a potion of enlightenment {unknown}
 f - a potion of curing {unknown}
 g - a potion of heal wounds {unknown}
 k - a potion of ambrosia {unknown}

Dungeon Overview and Level Annotations

Branches:
Dungeon (4/15)             Temple (1/1) D:4

Altars:
Ashenzari
Cheibriados
Elyvilon
Fedhas
Kikubaaqudgha
Makhleb
Nemelex Xobeh
Qazlal
Ru
Trog
Uskayaw
Vehumet
Wu Jian
Yredelemnul
Zin
The Shining One

Annotations:
D:4 Grinder


Message History

Enter note:
Enter note:
Enter note:
Enter note:
Enter note:
Enter note:
Enter note:
Enter note:
Enter note: You shoot an arrow.
The arrow hits the kobold!!
You kill the kobold!
Grinder comes into view.
Grinder shouts!
You see here a +0 dagger.
Enter note:
Enter note:
Enter note:
Enter note:
Enter note:
Enter note:
Enter note:
Enter note:
Enter note: You shoot an arrow.
The arrow hits Grinder.
Grinder is lightly wounded.
You hear a shout!
Grinder closely misses you.
An ogre comes into view. It is wielding a +0 giant club.
You shoot an arrow. The arrow barely misses Grinder.
Grinder hits you.
You writhe in agony.
You shoot an arrow. The arrow hits Grinder.
Grinder is lightly wounded.
Grinder closely misses you.
Grinder says, "Mostly I couldn't keep them alive."
Grinder hits you.
You writhe in agony.
The ogre hits you with a +0 giant club!!
Ouch! That really hurt!
You shoot an arrow. The arrow completely misses Grinder.
Grinder hits you.
You die...

#. #.# #.####### #
#.#.....# ##.
######.#.###.# .#
#......... #....#.#...#.#
.#
#..........#....#.###.#.#
.#
#.......................#
.# #.........
#O@........### .#
#.>....... #5####.#####
.# #.....:%.. #. #.#
.###.<....... #.
#.############
......).......#.
#.............
..............#.
###############
..............#.# . ..# #
..............#.#.# #.# #
+###..........#.#.# #.# #


You could see Grinder and an ogre.

Vanquished Creatures
  Sigmund (D:4)
  A jelly (D:4)
  Natasha (thrice) (D:2)
  4 gnolls (D:4)
  5 adders
  An ufetubus (D:4)
  A worm (D:2)
  2 orcs
  7 ball pythons
  4 endoplasms
  A giant cockroach (D:4)
  4 goblins
  4 hobgoblins
  6 jackals
  9 kobolds
  A quokka (D:3)
  7 bats
  3 frilled lizards
  2 rats
66 creatures vanquished.

Notes
Turn   | Place    | Note
-------+----------+-------------------------------------------
     0 | D:1      | qw the Deep Elf Hunter began the quest for the Orb.
     0 | D:1      | Reached XP level 1. HP: 12/12 MP: 3/3
     0 | D:1      | 0 ||| qw: Version: 0.3-a-9-g12657ce
     0 | D:1      | 0 ||| qw: Game counter: 2899
     0 | D:1      | 0 ||| qw: Always use a shield: true
     0 | D:1      | 0 ||| qw: God list: Okawaru
     0 | D:1      | 0 ||| qw: Allow faded altars: false
     0 | D:1      | 0 ||| qw: Do Orc after D:15 true
     0 | D:1      | 0 ||| qw: Do second Lair branch before Depths: true
     0 | D:1      | 0 ||| qw: Lair rune preference: random
     0 | D:1      | 0 ||| qw: Plans: Normal
     0 | D:1      | 0 ||| PLANNING D:1-11
   135 | D:1      | Reached XP level 2. HP: 16/16 MP: 4/4
   183 | D:1      | Reached skill level 6 in Ranged Weapons
   315 | D:1      | Found a faded altar of an unknown god.
   569 | D:1      | 569 ||| UPGRADING to +0 scale mail.
   579 | D:1      | 579 ||| DROPPING +0 leather armour.
   580 | D:1      | 580 ||| UPGRADING to amulet of regeneration.
   585 | D:1      | 585 ||| READING scroll labelled JASANWUTURE.
   586 | D:1      | 586 ||| READING scroll labelled JAGHOE JISTRI.
   587 | D:1      | 587 ||| READING 2 scrolls labelled DUZYITIEJEE.
   588 | D:1      | 588 ||| READING 3 scrolls labelled PEIDUU CYHAOZEOSUI.
   589 | D:1      | 589 ||| READING 2 scrolls of enchant weapon.
   589 | D:1      | 589 ||| ENCHANTING +1 shortbow.
   590 | D:1      | 590 ||| READING scroll of enchant weapon.
   590 | D:1      | 590 ||| ENCHANTING +2 shortbow.
   591 | D:1      | 591 ||| DROPPING scroll of butterflies.
   768 | D:2      | Noticed Natasha
   787 | D:2      | Killed Natasha
   788 | D:2      | Reached skill level 7 in Ranged Weapons
   788 | D:2      | Reached XP level 3. HP: 19/20 MP: 5/5
   821 | D:2      | Noticed Natasha
   829 | D:2      | Killed Natasha
   830 | D:2      | Reached XP level 4. HP: 20/25 MP: 6/6
  1059 | D:2      | Noticed Natasha
  1065 | D:2      | Killed Natasha
  1066 | D:2      | Reached skill level 8 in Ranged Weapons
  1526 | D:2      | 1526 ||| UPGRADING to +0 ring mail.
  1536 | D:2      | 1536 ||| DROPPING +0 scale mail.
  1537 | D:2      | 1537 ||| READING scroll labelled XIPPUACITS.
  1542 | D:2      | 1542 ||| READING 2 scrolls of identify.
  1542 | D:2      | 1542 ||| IDENTIFYING red potion
  1543 | D:2      | 1543 ||| DROPPING potion of lignification.
  1566 | D:3      | Found a basalt altar of Yredelemnul.
  1788 | D:3      | Reached XP level 5. HP: 29/29 MP: 7/7
  1804 | D:3      | 1804 ||| READING scroll of enchant weapon.
  1804 | D:3      | 1804 ||| ENCHANTING +3 shortbow.
  2230 | D:3      | 2230 ||| UPGRADING to +0 pair of gloves.
  2235 | D:3      | 2235 ||| READING scroll labelled EBBUJA HAGAWY.
  2236 | D:3      | 2236 ||| READING scroll labelled WEPIFR ZINAN.
  2340 | D:4      | Noticed Sigmund
  2347 | D:4      | Killed Sigmund
  2348 | D:4      | Reached skill level 10 in Ranged Weapons
  2348 | D:4      | Reached XP level 6. HP: 34/34 MP: 8/8
  2629 | D:4      | Found a staircase to the Ecumenical Temple.
  2630 | D:4      | 2630 ||| PLANNING TEMPLE
  2630 | D:4      | 2630 ||| DROPPING +6 ring of intelligence.
  2631 | D:4      | 2631 ||| READING scroll labelled ZUIBRU VIOSM.
  2638 | D:4      | 2638 ||| Stepping ~*~*~tactically~*~*~ (outnumbered).
  2639 | D:4      | 2639 ||| Stepping ~*~*~tactically~*~*~ (outnumbered).
  2642 | D:4      | 2642 ||| Stepping ~*~*~tactically~*~*~ (outnumbered).
  2646 | D:4      | Reached skill level 3 in Dodging
  2651 | Temple   | Entered the Ecumenical Temple
  2651 | Temple   | Noticed an orange demon
  2651 | Temple   | Noticed a chaos spawn
  2651 | Temple   | Noticed a ynoxinul
  2651 | Temple   | Noticed a chaos spawn
  2652 | Temple   | Noticed Omextiur the pandemonium lord
  2652 | Temple   | Noticed Fehureyg the pandemonium lord
  2654 | Temple   | Noticed a neqoxec
  2654 | Temple   | Noticed Yqinny the pandemonium lord
  2680 | Temple   | Noticed a blizzard demon
  2696 | Temple   | Noticed Avoint the pandemonium lord
  2712 | Temple   | Noticed a hellwing
  2712 | Temple   | Noticed a cacodemon
  2713 | Temple   | Noticed Ferarch the pandemonium lord
  2713 | Temple   | Noticed a green death
  2723 | Temple   | Noticed Amiciguh the pandemonium lord
  2742 | Temple   | 2742 ||| PLANNING D:1-11
  2862 | D:4      | Noticed Grinder
  2865 | D:4      | HP: 1/35 [ogre/+0 giant club (23)]
  2866 | D:4      | Slain by Grinder

Levels and vault maps discovered:
D:1:      lightli_iron_boxes, layout_loops_cross,
          hellmonk_ecumenical_altar_zigzags, hangedman_abyss_or_decor_stabs,
          minmay_tripent
D:2:      layout_rooms, serial_co_window_serial, co_window_of_opportunity_a,
          co_window_paths_a, co_window_corner_a, co_window_paths_b,
          co_window_paths_b, co_window_broadway_a, co_window_broadway_a,
          co_window_cross_4, co_window_of_opportunity_b, glass_columns_b,
          palyth_stone_intersect, minmay_misc_feat_roman, uniq_natasha
D:3:      layout_loops_ring, lemuel_crystal_altar, minmay_diced_spiral
D:4:      layout_basic, minmay_temple_entry_grid, minivault_23, uniq_grinder,
          uniq_sigmund
Temple:   nicolae_temple_panitentiary

Skill      XL: |  1  2  3  4  5  6 |
---------------+-------------------+-----
Ranged Weapons | 7 8 10 | 10.0
Fighting       | 2 |  2.2
Dodging        | 3 |  3.1
Armour         | |  0.3
Stealth        | |  1.2

Action                     |  1- 3 |  4- 6 || total
---------------------------+-------+-------++-------
   Fire: Shortbow          |    65 |    87 ||   152
    Use: Scroll            |     6 |     6 ||    12
 Armour: Leather armour    |     1 |       ||     1
         Scale mail        |     8 |     2 ||    10
         Ring mail         |       |     9 ||     9
  Dodge: Dodged            |    20 |    16 ||    36

Table legend:
 A = Non-vault XP
 B = Vault XP
 C = Vault XP percentage of total XP
 D = Non-vault monster count
 E = Vault monster count
 F = Vault count percentage of total count
                 A         B        C        D         E       F
            +---------+---------+-------+---------+---------+-------
      Total |     313 |     297 |  48.7 |      59 |       7 |  10.6
            +---------+---------+-------+---------+---------+-------
        D:1 |      29 |       2 |   6.5 |      16 |       2 |  11.1
        D:2 |      95 |      39 |  29.1 |      15 |       1 |   6.2
        D:3 |      38 |      17 |  30.9 |       9 |       3 |  25.0
        D:4 |     151 |     239 |  61.3 |      19 |       1 |   5.0
            +---------+---------+-------+---------+---------+-------
